 Dungeon Crawl Stone Soup version 0.29.1-debian-1-gc3f1650bb9 (webtiles) character file.

Game seed: 1939363755701745582

205284 ytrimaz the Warrior (level 18, -3/210 HPs)
             Began as an Ogre Transmuter on Sept 12, 2022.
             Slain by an Executioner (15 damage)
             ... summoned by Asterion
             ... on level 1 of the Spider Nest.
             The game lasted 01:05:48 (42704 turns).

ytrimaz the Warrior (Ogre Transmuter)              Turns: 42704, Time: 01:05:49

Health: -3/210     AC: 15    Str: 22 (23) XL:     18   Next: 68%
Magic:  36/38      EV: 19    Int: 15 (17) God:
Gold:   1246       SH:  0    Dex: 11      Spells: 18/49 levels left

rFire   + . .      SeeInvis .     - Unarmed
rCold   + . .      Faith    .   (shield currently unavailable)
rNeg    . . .      Spirit   .   (body armour currently unavailable)
rPois   ∞          Reflect  .   (helmet currently unavailable)
rElec   +          Harm     .   (cloak currently unavailable)
rCorr   +          Rampage  .   (gloves unavailable)
Will    ++...                   (boots unavailable)
Stlth   +.........              E - amulet of regeneration
HPRegen 1.25/turn               H - ring "Zagof" {rF+ rC+ rCorr Dex+3}
MPRegen 0.26/turn               B - +4 ring of evasion

@: mighty, storm-form, flying
A: cleaving, insubstantial, flying, large, unfitting armour, (tough skin 1),
(hooves 1), (deformed body), deterioration 1, dopey 1, strong-willed 1, mutation
resistance 1, strong 1, MP-powered wands
}: 1/15 runes: barnacled
a: Blinkbolt, End Transformation


You were on level 1 of the Spider Nest.
You were a lightning-filled tempest!
You visited 6 branches of the dungeon, and saw 28 of its levels.
You visited the Abyss 1 time.
You also visited: Gauntlet.

You collected 3141 gold pieces.
You spent 1895 gold pieces at shops.


Innate Abilities, Weirdness & Mutations

You are a lightning-filled tempest!
Your electrical attacks strike out in all directions at once.
You are incredibly evasive.
Your insubstantial body is immune to petrification, constriction, and being set on fire You are flying.
You are immune to poison.
Your armour is entirely melded.
You are incapable of wielding weapons or throwing items.
You are too large for most types of armour.
((You have tough skin. (AC +1)))
((You have large cloven feet.))
((Armour fits poorly on your strangely shaped body.))
Your body sometimes deteriorates upon taking damage.
You are dopey. (Int -2)
You are strong-willed. (Will+)
You are somewhat resistant to further mutation.
Your muscles are strong. (Str +4, Int/Dex -1)
You expend magic power (3 MP) to strengthen your wands.


   Skills:
 - Level 20.0 Fighting
 - Level 1.7 Dodging
 - Level 16.0 Unarmed Combat
 - Level 16.0 Spellcasting
 - Level 15.0 Transmutations
 - Level 4.0 Ice Magic
 + Level 11.4 Air Magic
 - Level 4.0 Earth Magic
 - Level 4.0 Poison Magic


You had 18 spell levels left.
You knew the following spells:

 Your Spells              Type           Power      Damage    Failure   Level
a - Statue Form           Tmut/Erth      26%        N/A       16%         6
b - Wereblood             Tmut           54%        N/A       0%          2
c - Dragon Form           Tmut           27%        N/A       10%         7
d - Storm Form            Tmut/Air       25%        N/A       21%         7
e - Yara's Violent Unrav  Hex/Tmut       17%        3d8       7%          5
f - Ice Form              Ice/Tmut       40%        N/A       1%          4

Your spell library contained the following spells:

 Spells                   Type           Power      Damage    Failure   Level
 Beastly Appendage        Tmut           100%       N/A       0%          1
 Cigotuvi's Dreadful Rot  Necr/Pois/Air  54%        N/A       1%          2
 Poisonous Vapours        Pois/Air       70%        N/A       1%          2
 Static Discharge         Conj/Air       58%        3-7/arc   1%          2
 Spider Form              Tmut/Pois      40%        N/A       1%          3
 Airstrike                Air            23%        2d(4-20)  1%          4
 Petrify                  Tmut/Erth      40%        N/A       1%          4
 Ozocubu's Armour         Ice            24%        N/A       3%          3
 Summon Lightning Spire   Summ/Air       29%        N/A       4%          4
 Blink                    Tloc           24%        N/A       8%          2
 Call Imp                 Summ           12%        N/A       8%          2
 Scorch                   Fire           24%        2d6       8%          2
 Lightning Bolt           Conj/Air       14%        1d28      14%         5
 Confusing Touch          Hex            12%        N/A       16%         3
 Gell's Gravitas          Tloc           12%        N/A       16%         3
 Lesser Beckoning         Tloc           12%        N/A       16%         3
 Teleport Other           Tloc           12%        N/A       16%         3
 Freezing Cloud           Conj/Ice/Air   13%        6-21      19%         5
 Leda's Liquefaction      Hex/Erth       9%         N/A       22%         4
 Summon Ice Beast         Ice/Summ       18%        N/A       22%         4
 Lee's Rapid Deconstruct  Erth           12%        3d9*      28%         5
 Anguish                  Hex/Necr       6%         N/A       45%         4
 Cause Fear               Hex            6%         N/A       45%         4
 Dispel Undead            Necr           12%        3d9       45%         4
 Flame Wave               Conj/Fire      12%        2d6       45%         4
 Manifold Assault         Tloc           12%        N/A       45%         4
 Sticky Flame             Conj/Fire      12%        2d4       45%         4
 Metabolic Englaciation   Hex/Ice        9%         N/A       54%         5
 Summon Mana Viper        Hex/Summ       12%        N/A       82%         5
 Simulacrum               Ice/Necr       9%         N/A       98%         6
 Summon Cactus Giant      Summ           6%         N/A       100%        6
 Enfeeble                 Hex            6%         N/A       100%        7
 Monstrous Menagerie      Summ           6%         N/A       100%        7
 Summon Hydra             Summ           6%         N/A       100%        7
 Dragon's Call            Summ           6%         N/A       100%        9
 Polar Vortex             Ice            12%        N/A       100%        9

Inventory:

Missiles
 P - a throwing net
Armour
 c - +2 steam dragon scales (melded)
   (You took it off Maggie on level 6 of the Dungeon)
 s - a +0 cloak (melded)
   (You found it on level 5 of the Dungeon)
Jewellery
 i - an amulet of magic regeneration
   (You found it on level 3 of the Dungeon)
 k - a +4 ring of protection
   (You found it on level 3 of the Dungeon)
 l - a ring of protection from cold
   (You found it on level 3 of the Dungeon)
 r - a ring of resist corrosion
   (You took it off a merfolk siren on level 4 of the Shoals)
 u - an amulet of reflection
   (You found it on level 4 of the Shoals)
 B - a +4 ring of evasion (right fist)
   (You found it on level 1 of the Lair of Beasts)
 D - a ring of willpower
   (You found it on level 3 of the Lair of Beasts)
 E - an amulet of regeneration (around neck)
   (You bought it in a shop on level 2 of the Orcish Mines)
 F - a ring of protection from cold
   (You found it on level 14 of the Dungeon)
 H - the ring "Zagof" (left fist) {rF+ rC+ rCorr Dex+3}
   (You bought it in a shop on level 9 of the Dungeon)

   [ring of protection from cold]

   Dex:       It affects your dexterity (+3).
   rF:        It protects you from fire.
   rC:        It protects you from cold.
   rCorr:     It protects you from acid and corrosion.
 N - an amulet of guardian spirit
   (You found it on level 1 of the Shoals)
Wands
 b - a wand of flame (22)
   (You took it off Sigmund on level 3 of the Dungeon)
 e - a wand of light (6)
   (You found it on level 3 of the Dungeon)
 o - a wand of polymorph (4)
   (You found it on level 14 of the Dungeon)
 p - a wand of digging (15)
   (You found it on level 4 of the Dungeon)
 z - a wand of paralysis (18)
   (You found it on level 10 of the Dungeon)
 G - a wand of iceblast (31)
   (You found it on level 4 of the Lair of Beasts)
Scrolls
 a - 5 scrolls of poison
 d - a scroll of butterflies
 h - 8 scrolls of identify
 q - a scroll of silence
 t - 3 scrolls of magic mapping
 w - a scroll of brand weapon
 x - 3 scrolls of teleportation
 y - 3 scrolls of enchant weapon
 K - 2 scrolls of enchant armour
 L - a scroll of amnesia
Potions
 g - 3 potions of magic
 j - 16 potions of curing
 m - a potion of ambrosia
 n - 2 potions of cancellation
 v - 6 potions of lignification
 A - 8 potions of flight
 C - 4 potions of brilliance
 J - 2 potions of might
 Q - 2 potions of attraction
Miscellaneous
 M - a tin of tremorstones (2/2)
   (You found it in a Gauntlet)

Dungeon Overview and Level Annotations

Branches:
Dungeon (15/15) Zot: 25647  Temple (1/1) D:4 Zot: 5960    Lair (5/5) D:9 Zot: 18104
 Shoals (4/4) Lair:3 Zot: 18074  Spider (1/4) Lair:2 Zot: 5457   Slime (0/5) Lair:5
    Orc (2/2) D:9 Zot: 9591     Elf (0/3) Orc:2        Vaults (0/5) D:13
 Depths (0/4) D:15        Gauntlet (visited)

Altars:
Ashenzari
Cheibriados
Dithmenos
Elyvilon
Fedhas
Gozag
Hepliaklqana
Kikubaaqudgha
Makhleb
Nemelex Xobeh
Okawaru
Qazlal
Ru
Sif Muna
Trog
Uskayaw
Vehumet
Wu Jian
Xom
Yredelemnul
Zin
The Shining One
Lugonu

Shops:
D:2 [   D:8 (   D:9 [=*:   Orc:1 (   Orc:2 (*==   Shoals:1 :**

Portals:
Abyss: Lair:5

Annotations:
D:4 exclusion: oklob plant
D:6 1 runed translucent door, Newt's ghost, novice DsGl
D:8 1 transporter
D:11 exclusion: obsidian statue
Spider:1 Asterion

..#^).#........^#....##
#..#^.#.....#.#.......#
...#..#...^..........###
...#.................^.#
....#..^.##^#.....[....#
....#......#...........#
.†.#........^.b#.bb#.###
............b.bb#bb...#
.........^...#bbvbb..##
...#^.....#...bbH1#.##
.#............bb#.#.#
........#....b.b......#
..#.......#..#..#.......#
..................b[...##
.......# ..............#
..#.##.......## ...
.##.^...


You could see Asterion (fast, ally target) and an Executioner (summoned, fast).


Message History

Asterion conjures a destructive force in the name of Makhleb!
The bolt of fire hits you!! You resist.
* * * LOW HITPOINT WARNING * * *
😨 HP[-20] MP[+1]
You take 20 damage, and now have 98/210 hp.
Unknown command.
Unknown command.
You buffet Asterion!
Asterion blocks your attack.
Asterion hits you with a +2 demon whip of electrocution!
* * * LOW HITPOINT WARNING * * *
Asterion gores you.
* * * LOW HITPOINT WARNING * * *
Asterion hits you with a +2 demon whip of electrocution!
* * * LOW HITPOINT WARNING * * *
Asterion gores you.
* * * LOW HITPOINT WARNING * * *
😨 HP[-31]
You take 31 damage, and now have 67/210 hp.
Unknown command.
You feel very mighty all of a sudden.
Asterion hits you with a +2 demon whip of electrocution!!
* * * LOW HITPOINT WARNING * * *
Asterion gores you.
* * * LOW HITPOINT WARNING * * *
😱 HP[-18]
You take 18 damage, and now have 49/210 hp.
Unknown command.
Unknown command.
Asterion blocks your attack. Asterion completely misses you.
Asterion gores you.
* * * LOW HITPOINT WARNING * * *
😱 HP[-2]
You take 2 damage, and now have 47/210 hp.
Unknown command.
You feel much better. Asterion barely misses you. Asterion closely misses you.
Asterion hits you but does no damage.
Asterion barely misses you. 😨 HP[+28] MP[+1]
You regained 28 hp, and now have 75/210 hp.
Unknown command.
Asterion blocks your attack. Asterion barely misses you.
Asterion closely misses you. 😨 HP[+1] Unknown command.
Asterion blocks your attack.
You punch Asterion, but do no damage.
Asterion hits you with a +2 demon whip of electrocution!
* * * LOW HITPOINT WARNING * * *
Asterion closely misses you. 😨 HP[-13]
You take 13 damage, and now have 63/210 hp.
Unknown command.
You buffet Asterion!
Asterion hits you with a +2 demon whip of electrocution!!
* * * LOW HITPOINT WARNING * * *
Asterion gores you.
* * * LOW HITPOINT WARNING * * *
😱 HP[-33]
You take 33 damage, and now have 30/210 hp.
Unknown command.
As you read the scroll of butterflies, it crumbles to dust.
You hear the tinkle of a tiny bell.
Something hits your butterfly.
Your butterfly dies!
Your butterfly disappears in a burst of colours!
Asterion completely misses you.
Asterion gores you but does no damage. 😱 HP[+2]
You regained 2 hp, and now have 32/210 hp.
Unknown command.
You swap places.
Something hits your butterfly!!
Your butterfly dies!
Your butterfly disappears in a burst of colours!
Asterion misses your butterfly. Asterion gores your butterfly!
Your butterfly dies!
Your butterfly disappears in a burst of colours!
Something hits your butterfly!!
Your butterfly dies!
Your butterfly disappears in a burst of colours! 😱 HP[+1] MP[+1] Unknown command.
Asterion attacks as you move away! Asterion closely misses you.
Asterion barely misses you.
Your butterfly is caught in a web!
Your butterfly struggles to get unstuck from the web. 😱 HP[+1] Unknown command.
Aiming: Paralyse
Press: ? - help, Shift-Dir - straight line, f - Asterion
Aim: Asterion, wielding a +2 demon whip of electrocution, wearing a +0 leather armour and wearing a +2 kite shield (severely wounded, fast, ally target, chance to affect: 2%)
Okay, then.
Unknown command.
Unknown command.
As you read the scroll of butterflies, it crumbles to dust.
You hear the tinkle of a tiny bell.
The Executioner closely misses your butterfly.
The Executioner hits your butterfly.
Your butterfly dies!
Your butterfly disappears in a burst of colours!
Your butterfly pulls away from the web.
Asterion hits you with a +2 demon whip of electrocution!!
* * * LOW HITPOINT WARNING * * *
Asterion closely misses you. The Executioner hits you!
You die...

Skill      XL: |  1  2  3  4  5  6  7  8  9 10 11 12 13 14 15 16 17 18 |
---------------+-------------------------------------------------------+-----
Transmutations | 2 3 4 5 8 10 13 14 15 | 15.0
Spellcasting   | 3 10 13 16 | 16.0
Poison Magic   | 1 3 4 |  4.0
Ice Magic      | 1 4 |  4.0
Fighting       | 6 9 12 15 18 20 | 20.0
Unarmed Combat | 5 9 14 16 | 16.0
Earth Magic    | 4 |  4.0
Air Magic      | 6 11 | 11.4
Dodging        | |  1.7

Action                   |  1- 3 |  4- 6 |  7- 9 | 10-12 | 13-15 | 16-18 || total
-------------------------+-------+-------+-------+-------+-------+-------++-------
Melee: Unarmed           |   106 |   142 |   269 |   590 |   877 |   689 ||  2673
       Kick              |    12 |     7 |     9 |       |       |     4 ||    32
       Headbutt          |     4 |     9 |     3 |     1 |    64 |     4 ||    85
       Punch             |     1 |     2 |     1 |       |    21 |    60 ||    85
       Bite              |       |       |       |       |    55 |    70 ||   125
       Tailslap          |       |       |       |       |    57 |    88 ||   145
 Cast: Beastly Appendage |    21 |     9 |     1 |       |       |       ||    31
       Spider Form       |       |    13 |     9 |     2 |       |       ||    24
       Ice Form          |       |       |    18 |    52 |    22 |     2 ||    94
       Wereblood         |       |       |     5 |    18 |    16 |     8 ||    47
       Statue Form       |       |       |       |       |    13 |     2 ||    15
       Dragon Form       |       |       |       |       |    57 |   105 ||   162
       Storm Form        |       |       |       |       |       |     1 ||     1
 Abil: Breathe Fire      |       |       |       |       |     2 |    30 ||    32
Evoke: Wand              |       |       |       |     5 |       |     6 ||    11
  Use: Scroll            |     6 |     8 |     7 |    11 |    10 |    18 ||    60
       Potion            |     1 |     5 |     2 |    10 |     3 |    13 ||    34
 Stab: Invisible         |       |       |       |     1 |     6 |       ||     7
       Petrified         |       |       |       |    11 |       |       ||    11
       Distracted        |       |       |       |       |       |     1 ||     1
Armor: Robe              |    38 |    21 |    18 |       |       |       ||    77
       Skin              |    14 |    16 |    91 |   367 |   756 |   465 ||  1709
       Steam dragon scal |       |       |     3 |    10 |    15 |     5 ||    33
Dodge: Dodged            |    65 |   104 |   145 |   307 |   892 |   572 ||  2085

Levels and vault maps discovered:
D:1:      heliophobic_arrival_glass_houses, layout_basic
D:2:      layout_rooms, serial_shops, shop_statue, kennysheep_generic_room_2
D:3:      layout_loops_ring, mainiacjoe_overflow_six_doors_small,
          shapermc_ecumenical_altar_pompeii, uniq_sigmund
D:4:      layout_layer_cave, tgw_fedhas, mainiacjoe_overflow_cross_hatched,
          minmay_temple_entry_statues
D:5:      layout_basic, minitemple, mainiacjoe_overflow_boulevard,
          serial_undead, serial_undead_b, serial_undead_f, serial_undead_c,
          serial_undead_c, nicolae_concentric_dashed_squares_wild,
          minmay_manual_mess
D:6:      layout_basic, ebering_ghost_sewer_d, uniq_duvessa, uniq_maggie
D:7:      layout_basic, serial_bayou_crossing
D:8:      layout_rooms, mainiacjoe_overflow_24_doors, serial_shops,
          nicolae_shop_trees, nicolae_diode_basic
D:9:      layout_basic, lemuel_blue_sif_altar, dpeg_oklobed_lair, david_orc_2,
          serial_shops, nicolae_shop_stone, nicolae_lakefront_shop, shop_statue,
          nicolae_shop_trees, chequers_serial_rivers_marsh
D:10:     layout_basic, serial_co_window_serial, co_window_corner_a,
          co_window_corner_a, co_window_corner_a, co_window_corner_a,
          co_window_paths_a, co_window_paths_a, co_window_corner_a,
          co_window_broadway_b, co_window_of_opportunity_b,
          co_window_broadway_b, co_window_cross_3, co_window_4corner_a,
          co_window_paths_d, glass_columns_a, minmay_misc_feat_hallway,
          uniq_sonja
D:11:     minmay_statue_hallways, layout_loops_ring,
          nicolae_yredelemnul_corpse_copse
D:12:     layout_gridville
D:13:     layout_roguey, david_vaults_4, gauntlet_entry_generic
D:14:     layout_irregular_city, elyvilon_altar_1, minivault_10,
          grunt_decor_arrowhead, tgw_trog
D:15:     grunt_enter_depths_snipers, layout_irregular_city,
          minmay_crystal_room, corexii_corridor_pit,
          chequers_serial_rivers_room_b
Temple:   nicolae_temple_ecumenical_triangle
Lair:1:   layout_gridlike, chequers_serial_rivers_room_b
Lair:2:   layout_hall_layers, spider_nest_entry_webs,
          eino_small_chamber_without_monster, hangedman_lair_generics_rect,
          lemuel_fruit_tree
Lair:3:   layout_gridlike, elwin_shoals_entry_rooms,
          chequers_serial_rivers_micro_e, grunt_megastairs_1
Lair:4:   layout_cave_pods, minmay_shattered_shrine, serial_bayou_shore_a
Lair:5:   hellmonk_lair_end_abyssal_woods, layout_small_grid,
          dpeg_slime_entry_enclosed, uniq_josephine, uniq_snorg
Shoals:1: layout_shoals, nicolae_specific_store, ldierk_geyser,
          nicolae_shop_self_help
Shoals:2: layout_shoals, nicolae_shoals_lost_giant_amphitheater, uniq_ilsuiw
Shoals:3: layout_shoals, nicolae_shoals_pincushion_passage
Shoals:4: shoals_end_hellmonk_storm_palace [storm_palace_center_square,
          storm_palace_corner_pillars, storm_palace_corner_blocked,
          storm_palace_corner_narrow, storm_palace_corner_reverse_hut]
Spider:1: nicolae_spider_mines_1, uniq_asterion
Orc:1:    layout_caves, special_room [special_room_kobold], serial_shops,
          nicolae_shop_statue_plus, lemuel_statue_altar, elf_legates
Orc:2:    st_orc_pillars, layout_diamond_mine

Notes
Turn   | Place    | Note
-------+----------+-------------------------------------------
     0 | D:1      | ytrimaz the Ogre Transmuter began the quest for the Orb.
     0 | D:1      | Reached XP level 1. HP: 19/19 MP: 3/3
     0 | D:1      | magus.rc [v1.9.6]
   143 | D:1      | Reached skill level 2 in Transmutations
   390 | D:1      | Reached XP level 2. HP: 27/27 MP: 5/5
   865 | D:1      | Reached skill level 3 in Spellcasting
  1040 | D:1      | Learned a level 2 spell: Wereblood
  1516 | D:2      | Reached XP level 3. HP: 32/33 MP: 7/7
  1520 | D:2      | Learned a level 3 spell: Spider Form
  1748 | D:2      | You pick up a book of Displacement and begin reading...
  1748 | D:2      | You add the spells Lesser Beckoning, Gell's Gravitas and
                  | Teleport Other to your library.
  1785 | D:2      | Reached skill level 1 in Poison Magic
  1921 | D:2      | Found Atyjanni's Armour Boutique.
  2054 | D:2      | Reached XP level 4. HP: 41/41 MP: 6/8
  2337 | D:3      | HP: 10/41 [something (3)]
  2341 | D:3      | Reached skill level 3 in Transmutations
  2341 | D:3      | Reached skill level 2 in Poison Magic
  2685 | D:3      | Found a sparkling altar of Nemelex Xobeh.
  2689 | D:3      | Noticed Sigmund
  2697 | D:3      | HP: 9/41 [something (11)]
  2703 | D:3      | HP: 10/41 [something (11)]
  2707 | D:3      | HP: 3/41 [something/magic dart (7)]
  2709 | D:3      | Killed Sigmund
  2710 | D:3      | Reached skill level 3 in Poison Magic
  2710 | D:3      | Reached XP level 5. HP: 4/48 MP: 9/9
  2710 | D:3      | Reached XP level 6. HP: 5/55 MP: 10/10
  3104 | D:3      | Found a faded altar of an unknown god.
  3614 | D:4      | Reached skill level 4 in Poison Magic
  3834 | D:4      | Found a hide-covered altar of Uskayaw.
  3916 | D:4      | Reached skill level 4 in Transmutations
  3923 | D:4      | Learned a level 4 spell: Ice Form
  3988 | D:4      | Found a staircase to the Ecumenical Temple.
  4561 | D:4      | Found a blossoming altar of Fedhas.
  4576 | D:4      | Noticed an oklob plant
  4884 | Temple   | Entered the Ecumenical Temple
  4953 | D:5      | Entered Level 5 of the Dungeon
  4966 | D:5      | Gained mutation: You occasionally lose the ability to read
                  | scrolls when taking damage. [potion of mutation]
  4966 | D:5      | Gained mutation: Your body sometimes deteriorates upon
                  | taking damage. [potion of mutation]
  4966 | D:5      | Gained mutation: You are partially covered in large bone
                  | plates. (SH +4) [potion of mutation]
  4966 | D:5      | Gained mutation: You have sharp toenails. [potion of
                  | mutation]
  4967 | D:5      | Lost mutation: You occasionally lose the ability to read
                  | scrolls when taking damage. [potion of mutation]
  4967 | D:5      | Lost mutation: You are partially covered in large bone
                  | plates. (SH +4) [potion of mutation]
  4967 | D:5      | Gained mutation: You are partially covered in iridescent
                  | scales. (AC +2) [potion of mutation]
  4990 | D:5      | Reached skill level 1 in Ice Magic
  4990 | D:5      | Reached XP level 7. HP: 33/62 MP: 11/11
  5345 | D:5      | Reached skill level 2 in Ice Magic
  5388 | D:5      | Noticed a komodo dragon
  5425 | D:5      | HP: 14/74 [komodo dragon (8)]
  5426 | D:5      | Killed a komodo dragon
  5427 | D:5      | Reached skill level 5 in Transmutations
  5427 | D:5      | Reached skill level 4 in Ice Magic
  5427 | D:5      | Reached XP level 8. HP: 19/70 MP: 12/12
  5738 | D:5      | Reached skill level 2 in Fighting
  5906 | D:5      | Reached skill level 3 in Fighting
  6128 | D:5      | Reached skill level 4 in Fighting
  6128 | D:5      | Reached skill level 6 in Transmutations
  6150 | D:5      | Found a shadowy altar of Dithmenos.
  6356 | D:5      | Reached skill level 5 in Fighting
  6356 | D:5      | Reached skill level 7 in Transmutations
  6471 | D:5      | Found a hazy altar of Hepliaklqana.
  6480 | D:5      | Found an iron altar of Okawaru.
  6482 | D:5      | Found a bloodstained altar of Trog.
  6486 | D:5      | Found a radiant altar of Vehumet.
  6913 | D:6      | Reached skill level 6 in Fighting
  6932 | D:6      | Reached skill level 8 in Transmutations
  6932 | D:6      | Reached XP level 9. HP: 89/92 MP: 13/13
  7157 | D:6      | Found a runed translucent door.
  7192 | D:6      | Noticed Newt's ghost (novice DsGl)
  7311 | D:6      | HP: 23/92 [ogre/+0 giant spiked club (23)]
  7316 | D:6      | Reached skill level 7 in Fighting
  7642 | D:6      | Noticed Duvessa
  7642 | D:6      | Noticed Dowan
  7652 | D:6      | Killed Duvessa
  7672 | D:6      | Killed Dowan
  7673 | D:6      | Reached skill level 9 in Transmutations
  7914 | D:6      | Noticed Maggie
  7932 | D:6      | Killed Maggie
  7933 | D:6      | Reached skill level 8 in Fighting
  8451 | D:7      | Reached skill level 10 in Transmutations
  8489 | D:7      | Reached skill level 9 in Fighting
  8945 | D:7      | Identified the +1 robe "Weoh" {+Inv Fly Will+ Slay-6}
  9554 | D:8      | Reached XP level 10. HP: 110/110 MP: 11/14
  9588 | D:8      | Reached skill level 11 in Transmutations
  9595 | D:8      | Reached skill level 10 in Fighting
  9825 | D:8      | Found Ledepy's Antique Weapon Boutique.
  9858 | D:8      | Identified the +1 sling of Mourning {vorpal, rC+}
  9948 | D:8      | Found a transporter.
 10025 | D:8      | Found an ornate altar of the Wu Jian Council.
 10072 | D:8      | You add the spells Call Imp, Anguish and Summon Hydra to
                  | your library.
 10072 | D:8      | Got the Catalogue of the Entrancing Congregation
 10163 | D:8      | You pick up a book of Storms and begin reading...
 10163 | D:8      | You add the spells Airstrike, Summon Lightning Spire and
                  | Lightning Bolt to your library.
 10173 | D:8      | You pick up a book of Vapours and begin reading...
 10173 | D:8      | You add the spells Poisonous Vapours and Cigotuvi's
                  | Dreadful Rot to your library.
 10435 | D:9      | Found Kufuerus's Assorted Antiques.
 10446 | D:9      | Bought 2 potions of heal wounds for 260 gold pieces
 10474 | D:9      | Found a staircase to the Orcish Mines.
 10509 | D:9      | Found Jeiceug's Book Emporium.
 10564 | D:9      | Reached skill level 11 in Fighting
 10778 | D:9      | Reached skill level 12 in Transmutations
 10969 | D:9      | Found a shimmering blue altar of Sif Muna.
 11103 | D:9      | Found Ugoupe's Jewellery Boutique.
 11117 | D:9      | Found a staircase to the Lair.
 11164 | D:9      | Found Heibyux's Antique Armour Emporium.
 11323 | D:10     | Entered Level 10 of the Dungeon
 11620 | D:10     | Reached skill level 12 in Fighting
 12086 | D:10     | Reached skill level 13 in Transmutations
 12462 | D:10     | Noticed a manticore
 12477 | D:10     | Killed a manticore
 12478 | D:10     | Reached XP level 11. HP: 75/126 MP: 15/15
 12895 | D:10     | Noticed Sonja
 13562 | D:10     | Killed Sonja
 13563 | D:10     | Reached skill level 13 in Fighting
 14712 | D:11     | Noticed an obsidian statue
 14737 | D:11     | You pick up a book of Ice and begin reading...
 14737 | D:11     | You add the spells Freezing Cloud, Simulacrum and Polar
                  | Vortex to your library.
 14851 | D:11     | Noticed a boulder beetle
 14873 | D:11     | Killed a boulder beetle
 15014 | D:11     | Reached skill level 14 in Fighting
 15067 | D:11     | Reached skill level 14 in Transmutations
 15073 | D:11     | Lost mutation: You have sharp toenails. [potion of
                  | mutation]
 15073 | D:11     | Lost mutation: You are partially covered in iridescent
                  | scales. (AC +2) [potion of mutation]
 15073 | D:11     | Lost mutation: Your body sometimes deteriorates upon taking
                  | damage. [potion of mutation]
 15073 | D:11     | Gained mutation: You are occasionally teleported next to
                  | monsters. [potion of mutation]
 15073 | D:11     | Gained mutation: Your mind is acute. (Int +4, Str/Dex -1)
                  | [potion of mutation]
 15307 | D:11     | Lost mutation: Your mind is acute. (Int +4, Str/Dex -1)
                  | [potion of mutation]
 15307 | D:11     | Lost mutation: You are occasionally teleported next to
                  | monsters. [potion of mutation]
 15307 | D:11     | Gained mutation: You occasionally lose the ability to read
                  | scrolls when taking damage. [potion of mutation]
 15307 | D:11     | Gained mutation: You have sharp toenails. [potion of
                  | mutation]
 15307 | D:11     | Gained mutation: You are agile. (Dex +4, Str/Int -1)
                  | [potion of mutation]
 15308 | D:11     | Lost mutation: You occasionally lose the ability to read
                  | scrolls when taking damage. [potion of mutation]
 15308 | D:11     | Lost mutation: You are agile. (Dex +4, Str/Int -1) [potion
                  | of mutation]
 15308 | D:11     | Lost mutation: You have sharp toenails. [potion of
                  | mutation]
 15308 | D:11     | Gained mutation: You do not regenerate when monsters are
                  | visible. [potion of mutation]
 15308 | D:11     | Gained mutation: Your flesh is heat resistant. (rF+)
                  | [potion of mutation]
 15309 | D:11     | Lost mutation: Your flesh is heat resistant. (rF+) [potion
                  | of mutation]
 15309 | D:11     | Lost mutation: You do not regenerate when monsters are
                  | visible. [potion of mutation]
 15309 | D:11     | Gained mutation: You passively map a small area around you.
                  | [potion of mutation]
 15309 | D:11     | Gained mutation: Armour fits poorly on your strangely
                  | shaped body. [potion of mutation]
 15309 | D:11     | Gained mutation: Your magical capacity is low. (-10% MP)
                  | [potion of mutation]
 15309 | D:11     | Gained mutation: You have a pair of small horns on your
                  | head. [potion of mutation]
 15499 | D:11     | Found a basalt altar of Yredelemnul.
 15664 | D:11     | Reached skill level 15 in Fighting
 15794 | D:11     | Reached XP level 12. HP: 143/143 MP: 15/15
 16134 | Lair:1   | Entered Level 1 of the Lair of Beasts
 16829 | Lair:1   | You pick up a book of Misfortune and begin reading...
 16829 | Lair:1   | You add the spells Confusing Touch, Yara's Violent
                  | Unravelling and Enfeeble to your library.
 16961 | Lair:1   | Learned a level 5 spell: Yara's Violent Unravelling
 17164 | Lair:1   | Identified the +8 rapier of Luxury {freeze, rC+ Str-3
                  | Int+9}
 17662 | Lair:2   | Reached skill level 15 in Transmutations
 17678 | Lair:2   | Reached skill level 16 in Fighting
 18018 | Lair:2   | Found a hole to the Spider Nest.
 18355 | Lair:2   | Noticed a six-headed hydra
 18356 | Lair:2   | Noticed a catoblepas
 18357 | Lair:2   | Noticed a death yak
 18609 | Lair:2   | Identified the +11 flail "Funuoxzy" {freeze, Dex+4 SInv}
 18687 | Lair:2   | Reached skill level 17 in Fighting
 18948 | Lair:2   | Killed a six-headed hydra
 19409 | Lair:2   | HP: 44/177 [catoblepas (13)]
 19413 | Lair:2   | Killed a catoblepas
 19418 | Lair:2   | Killed a death yak
 19875 | Lair:3   | Reached skill level 18 in Fighting
 20238 | Lair:3   | Reached XP level 13. HP: 101/161 MP: 16/16
 20518 | Lair:3   | You pick up a book of the Earth and begin reading...
 20518 | Lair:3   | You add the spells Leda's Liquefaction, Lee's Rapid
                  | Deconstruction and Statue Form to your library.
 20718 | Lair:3   | magus.rc [v1.9.6]
 20743 | Lair:3   | Reached skill level 4 in Spellcasting
 21267 | Lair:3   | Reached skill level 19 in Fighting
 21267 | Lair:3   | Reached skill level 5 in Spellcasting
 21449 | Lair:3   | Found a staircase to the Shoals.
 21849 | D:9      | Bought an Inescapable Atlas for 512 gold pieces
 21849 | D:9      | You add the spells Blink, Manifold Assault and Storm Form
                  | to your library.
 21905 | Lair:1   | Learned a level 6 spell: Statue Form
 22433 | Lair:4   | Reached skill level 6 in Spellcasting
 23148 | Lair:4   | Reached skill level 7 in Spellcasting
 23813 | Lair:5   | Entered Level 5 of the Lair of Beasts
 24104 | Lair:5   | Reached skill level 8 in Spellcasting
 24366 | Lair:5   | HP: 51/214 [elephant (9)]
 24374 | Lair:5   | Reached skill level 9 in Spellcasting
 24391 | Lair:5   | HP: 49/214 [cane toad (8)]
 24403 | Lair:5   | HP: 48/214 [wraith[Josephine] (9)]
 24846 | Lair:5   | Noticed Snorg
 24941 | Lair:5   | Reached skill level 20 in Fighting
 25068 | Lair:5   | Reached skill level 10 in Spellcasting
 25084 | Lair:5   | Reached XP level 14. HP: 106/175 MP: 25/25
 25091 | Lair:5   | Reached skill level 11 in Spellcasting
 25619 | Lair:5   | Reached skill level 3 in Unarmed Combat
 25621 | Lair:5   | You pick up a book of the Dragon and begin reading...
 25621 | Lair:5   | You add the spells Cause Fear, Dragon Form and Dragon's
                  | Call to your library.
 25630 | Lair:5   | Learned a level 7 spell: Dragon Form
 25647 | Lair:5   | Noticed Josephine
 25656 | Lair:5   | Killed Josephine
 25657 | Lair:5   | Reached skill level 1 in Earth Magic
 26203 | Lair:5   | Reached skill level 2 in Earth Magic
 26208 | Lair:5   | Reached skill level 12 in Spellcasting
 26258 | Lair:5   | Reached skill level 4 in Unarmed Combat
 26277 | Lair:5   | Reached skill level 3 in Earth Magic
 26584 | Lair:5   | You pick up a book of Sloth and begin reading...
 26584 | Lair:5   | You add the spells Petrify and Metabolic Englaciation to
                  | your library.
 26685 | Lair:5   | Reached skill level 13 in Spellcasting
 26685 | Lair:5   | You are cast into the Abyss!
 26685 | Abyss:1  | Cast into level 1 of the Abyss (spriggan)
 26818 | Abyss:1  | Found a corrupted altar of Lugonu.
 26870 | Abyss:1  | Found a corrupted altar of Lugonu.
 26886 | Abyss:1  | Noticed a starcursed mass
 26900 | Abyss:1  | Reached skill level 5 in Unarmed Combat
 26911 | Abyss:2  | Reached skill level 4 in Earth Magic
 27047 | Abyss:2  | Noticed a tentacled starspawn
 27057 | Abyss:2  | Killed a tentacled starspawn
 27180 | Abyss:2  | Reached XP level 15. HP: 183/183 MP: 29/29
 27237 | Abyss:2  | Reached skill level 14 in Spellcasting
 27239 | Lair:5   | You pass through the gate.
 27239 | Lair:5   | Escaped the Abyss
 27409 | Lair:5   | Reached skill level 6 in Unarmed Combat
 27443 | Lair:5   | Found a corrupted altar of Lugonu.
 27443 | Lair:5   | Found a one-way gate to the infinite horrors of the Abyss.
 27451 | Lair:5   | You pick up a book of Touch and begin reading...
 27451 | Lair:5   | You add the spells Static Discharge, Sticky Flame and
                  | Dispel Undead to your library.
 27702 | Lair:5   | Found a staircase to the Slime Pits.
 27726 | Lair:5   | Killed Snorg
 27828 | Lair:3   | Learned a level 7 spell: Storm Form
 28005 | Orc:1    | Entered Level 1 of the Orcish Mines
 28361 | Orc:2    | Entered Level 2 of the Orcish Mines
 28791 | Orc:2    | Noticed an orc warlord
 28820 | Orc:2    | Reached skill level 15 in Spellcasting
 28828 | Orc:2    | Killed an orc warlord
 29094 | Orc:2    | Reached skill level 7 in Unarmed Combat
 29172 | Orc:2    | HP: 63/274 [orc knight/+3 great sword (38)]
 29176 | Orc:2    | HP: 25/274 [orc high priest/divine providence (10)]
 29177 | Orc:2    | HP: 9/274 [orc high priest/divine providence (16)]
 29619 | Orc:1    | Found Jab Bonn's Weapon Shoppe.
 29770 | Orc:1    | Noticed an orc warlord
 29780 | Orc:1    | Killed an orc warlord
 29887 | Orc:1    | Identified the +3 chain mail of Dogma {Harm rF+ rC+}
 30142 | Orc:2    | Reached skill level 16 in Spellcasting
 30271 | Orc:2    | Found a staircase to the Elven Halls.
 30374 | Orc:2    | Found Ungir's Jewellery Boutique.
 30374 | Orc:2    | Found Weow Ziu's Jewellery Boutique.
 30375 | Orc:2    | Found Firrynad's Assorted Antiques.
 30375 | Orc:2    | Found Woreismi's Antique Weapon Boutique.
 30386 | Orc:2    | Bought an amulet of regeneration for 360 gold pieces
 30494 | D:9      | Bought the ring "Zagof" {rF+ rC+ rCorr Dex+3} for 763 gold
                  | pieces
 30656 | D:12     | Reached skill level 8 in Unarmed Combat
 30801 | D:12     | Identified the +4 ring mail of the Lost Demons {Int+3}
 31104 | D:12     | Reached skill level 9 in Unarmed Combat
 31283 | D:12     | You pick up a book of Scorching and begin reading...
 31283 | D:12     | You add the spells Scorch, Flame Wave and Summon Cactus
                  | Giant to your library.
 31440 | D:12     | You pick up a book of Winter and begin reading...
 31632 | D:13     | Reached XP level 16. HP: 192/192 MP: 24/32
 31636 | D:13     | Found a gate to the Vaults.
 31750 | D:13     | Found a gate leading to a gauntlet.
 31755 | Gauntlet | Entered a Gauntlet
 31755 | Gauntlet | Found a transporter.
 31755 | Gauntlet | Found a transporter.
 31755 | Gauntlet | Found a transporter.
 31770 | Gauntlet | Found a transporter.
 31770 | Gauntlet | Found a transporter.
 31770 | Gauntlet | Found a transporter.
 31782 | Gauntlet | Found a transporter.
 31784 | Gauntlet | Found a transporter.
 31785 | Gauntlet | Found a transporter.
 31785 | Gauntlet | Found a transporter.
 31789 | Gauntlet | Found the +18 shield of the Gong {rElec rN+ Will+ EV-5}
 31794 | Gauntlet | Found a transporter.
 31914 | Gauntlet | Found a transporter.
 32042 | Gauntlet | Reached skill level 10 in Unarmed Combat
 32066 | Gauntlet | Identified the ring of the Cuttlefish {Ice Str+2}
 33032 | D:14     | Reached skill level 11 in Unarmed Combat
 33535 | D:14     | Lost mutation: Your magical capacity is low. (-10% MP)
                  | [potion of mutation]
 33535 | D:14     | Lost mutation: You passively map a small area around you.
                  | [potion of mutation]
 33535 | D:14     | Gained mutation: Your spells are a little harder to cast,
                  | but a little more powerful. [potion of mutation]
 33535 | D:14     | Gained mutation: You are vulnerable to heat. (rF-) [potion
                  | of mutation]
 33535 | D:14     | Gained mutation: Your muscles are strong. (Str +4, Int/Dex
                  | -1) [potion of mutation]
 33536 | D:14     | Lost mutation: Your muscles are strong. (Str +4, Int/Dex
                  | -1) [potion of mutation]
 33536 | D:14     | Lost mutation: You are vulnerable to heat. (rF-) [potion of
                  | mutation]
 33536 | D:14     | Gained mutation: Your mind is acute. (Int +4, Str/Dex -1)
                  | [potion of mutation]
 33536 | D:14     | Gained mutation: You have large cloven feet. [potion of
                  | mutation]
 33536 | D:14     | Gained mutation: Your muscles are strong. (Str +4, Int/Dex
                  | -1) [potion of mutation]
 33536 | D:14     | Gained mutation: You expend magic power (3 MP) to
                  | strengthen your wands. [potion of mutation]
 33758 | D:14     | Reached skill level 12 in Unarmed Combat
 33951 | D:14     | Found a white marble altar of Elyvilon.
 34232 | D:14     | Found a bloodstained altar of Trog.
 34280 | D:15     | Entered Level 15 of the Dungeon
 34655 | D:15     | Reached skill level 13 in Unarmed Combat
 34931 | D:15     | Identified the +7 ring mail of Eternal Night {rPois rN+}
 35240 | D:15     | Found a staircase to the Depths.
 35480 | D:15     | Gained mutation: You have hidden genetic defects.
                  | [mutagenic glow]
 35495 | D:15     | Lost mutation: Your spells are a little harder to cast, but
                  | a little more powerful. [mutagenic glow]
 35738 | Shoals:1 | Entered Level 1 of the Shoals
 35748 | Shoals:1 | Reached skill level 14 in Unarmed Combat
 35748 | Shoals:1 | Reached XP level 17. HP: 201/201 MP: 31/37
 35840 | Shoals:1 | Found Tecvom's General Store.
 35880 | Shoals:1 | Found Raxt's Specific Store.
 35897 | Shoals:1 | Found Iseuped's Self-Improvement Boutique.
 36004 | Shoals:1 | Identified the +7 mace "Ninielu" {vorpal, rPois}
 36685 | Shoals:2 | Noticed Ilsuiw
 36864 | Shoals:2 | Killed Ilsuiw
 36868 | Shoals:2 | Gained mutation: Your body sometimes deteriorates upon
                  | taking damage. [hidden defects]
 36884 | Shoals:2 | Reached skill level 15 in Unarmed Combat
 37292 | Shoals:2 | Identified the +7 leather armour "Lot Fume" {rN++}
 37454 | Shoals:2 | HP: 63/301 [satyr/arrow (14)]
 37462 | Shoals:2 | HP: 65/301 [wind drake/the air (1)]
 37625 | Shoals:2 | Lost mutation: Your mind is acute. (Int +4, Str/Dex -1)
                  | [potion of mutation]
 37625 | Shoals:2 | Lost mutation: You have hidden genetic defects. [potion of
                  | mutation]
 37625 | Shoals:2 | Gained mutation: You are occasionally teleported next to
                  | monsters. [potion of mutation]
 37625 | Shoals:2 | Gained mutation: You are somewhat resistant to further
                  | mutation. [potion of mutation]
 37625 | Shoals:2 | Gained mutation: You are strong-willed. (Will+) [potion of
                  | mutation]
 37626 | Shoals:2 | Lost mutation: You are occasionally teleported next to
                  | monsters. [potion of mutation]
 37626 | Shoals:2 | Lost mutation: You have a pair of small horns on your head.
                  | [potion of mutation]
 37626 | Shoals:2 | Gained mutation: You are dopey. (Int -2) [potion of
                  | mutation]
 38183 | Shoals:3 | Reached skill level 1 in Air Magic
 38437 | Shoals:3 | Reached skill level 2 in Air Magic
 38578 | Shoals:3 | HP: 71/301 [merfolk impaler/+2 vorpal trident (7)]
 38583 | Shoals:3 | HP: 35/301 [poisoned by a merfolk impaler]
 38588 | Shoals:3 | HP: 32/301 [poisoned by a merfolk impaler]
 38595 | Shoals:3 | HP: 25/301 [merfolk javelineer/javelin (15)]
 38607 | Shoals:4 | Entered Level 4 of the Shoals
 38635 | Shoals:4 | HP: 72/301 [drowned by a water nymph (9)]
 38911 | Shoals:3 | Reached skill level 3 in Air Magic
 39058 | Shoals:3 | Reached skill level 16 in Unarmed Combat
 39096 | Shoals:3 | Reached skill level 4 in Air Magic
 39655 | Shoals:4 | Paralysed by an air elemental for 1 turns
 39656 | Shoals:4 | Reached skill level 5 in Air Magic
 40059 | Shoals:4 | HP: 75/301 [merfolk/boomerang (16)]
 40068 | Shoals:4 | HP: 74/301 [cloud of flame (5)]
 40212 | Shoals:4 | Reached skill level 6 in Air Magic
 40258 | Shoals:4 | Paralysed by an air elemental for 1 turns
 40260 | Shoals:4 | Paralysed by an air elemental for 1 turns
 40288 | Shoals:4 | Reached XP level 18. HP: 94/210 MP: 38/38
 40295 | Shoals:4 | Reached skill level 7 in Air Magic
 40302 | Shoals:4 | HP: 67/315 [merfolk/+0 trident (15)]
 40302 | Shoals:4 | HP: 27/315 [merfolk javelineer/silver javelin (9)]
 40317 | Shoals:4 | HP: 26/315 [wind drake/the air (15)]
 40326 | Shoals:4 | HP: 41/315 [harpy (6)]
 40367 | Shoals:4 | Paralysed by an air elemental for 1 turns
 40430 | Shoals:4 | Paralysed by an air elemental for 1 turns
 40496 | Shoals:4 | Identified the +6 scimitar of Zaemegu {drain, Str-5 Int+4
                  | Dex+5}
 40501 | Shoals:4 | Paralysed by an air elemental for 1 turns
 40505 | Shoals:4 | Paralysed by an air elemental for 1 turns
 40508 | Shoals:4 | Paralysed by an air elemental for 1 turns
 40623 | Shoals:4 | Identified the +6 war axe "Ughunn" {flame, Int+6 SInv}
 40639 | Shoals:4 | Reached skill level 8 in Air Magic
 40660 | Shoals:4 | Identified the +5 lajatang "Qame" {flame, Int+3 Dex+5
                  | Stlth-}
 40667 | Shoals:4 | HP: 73/315 [alligator snapping turtle (34)]
 40670 | Shoals:4 | HP: 36/315 [merfolk impaler/the +5 lajatang "Qame" {flame,
                  | Int+3 Dex+5 Stlth-} (22)]
 40905 | Shoals:4 | Paralysed by an air elemental for 1 turns
 40960 | Shoals:4 | HP: 75/315 [merfolk impaler/+4 vorpal trident (10)]
 40965 | Shoals:4 | HP: 15/315 [merfolk/+0 trident (32)]
 40970 | Shoals:4 | HP: 44/315 [merfolk/silver boomerang[a merfolk javelineer]
                  | (1)]
 40979 | Shoals:4 | HP: 39/315 [wind drake/the air (8)]
 41001 | Shoals:4 | HP: 46/315 [air elemental (5)]
 41009 | Shoals:4 | HP: 20/210 [cyclops (18)]
 41013 | Shoals:4 | Reached skill level 9 in Air Magic
 41185 | Shoals:4 | Paralysed by an air elemental for 1 turns
 41266 | Shoals:4 | magus.rc [v1.9.6]
 41334 | Shoals:4 | You pick up a book of Beasts and begin reading...
 41334 | Shoals:4 | You add the spells Summon Ice Beast, Summon Mana Viper and
                  | Monstrous Menagerie to your library.
 41337 | Shoals:4 | Identified the +7 hand axe of the Shifting Boar {protect,
                  | rN++ Dex+2}
 41339 | Shoals:4 | Got a barnacled rune of Zot
 41718 | Shoals:4 | Reached skill level 10 in Air Magic
 41986 | Spider:1 | Entered Level 1 of the Spider Nest
 42376 | Spider:1 | Reached skill level 11 in Air Magic
 42677 | Spider:1 | Noticed Asterion
 42695 | Spider:1 | HP: 51/210 [Asterion/+2 demon whip of electrocution (18)]
 42700 | Spider:1 | HP: 34/210 [Asterion/+2 demon whip of electrocution (30)]
 42704 | Spider:1 | HP: 12/210 [Asterion/+2 demon whip of electrocution (23)]
 42704 | Spider:1 | Slain by an Executioner

Vanquished Creatures
  A tentacled starspawn (Abyss:2)
  A storm dragon (Shoals:4)
  Ilsuiw (Shoals:2)
  A ghost moth (Spider:1)
  2 orc warlords
  A frost giant (D:15)
  An entropy weaver (Spider:1)
  A minotaur (Gauntlet)
  A deep elf demonologist (Abyss:2)
  Snorg (Lair:5)
  A blizzard demon (Gauntlet)
  8 merfolk javelineers
  8 merfolk impalers
  Josephine (Lair:5)
  A rakshasa (Abyss:2)
  A catoblepas (Lair:2)
  8 hydras
  7 centaur warriors
  A death knight (D:15)
  A radroach (Spider:1)
  8 merfolk aquamancers
  2 alligator snapping turtles
  4 two-headed ogres
  5 satyrs
  2 boulder beetles
  A merfolk avatar (Shoals:2)
  A two-headed ogre (shapeshifter) (Lair:5)
  13 death yaks
  2 tengu warriors (D:15)
  5 thrashing horrors
  2 slime creatures (D:13)
  6 orc high priests
  Sonja (D:10)
  A wretched star (Abyss:2)
  7 skeletal warriors
  11 sea snakes
  A pharaoh ant (Spider:1)
  2 orb spiders (Spider:1)
  A flayed ghost (Abyss:1)
  A deep elf archer (Orc:1)
  12 harpies
  12 orc knights
  6 deep elf pyromancers
  5 wolf spiders (Spider:1)
  A phantasmal warrior (D:15)
  8 cyclopes
  3 orc sorcerers
  15 manticores
  31 ugly things
  12 fauns
  A black mamba (shapeshifter) (D:13)
  16 elephants (Lair:5)
  10 centaur zombies (D:11)
  2 smoke demons
  5 black mambas
  13 water nymphs
  8 merfolk sirens
  An orange demon (Abyss:1)
  A torpor snail (Lair:3)
  2 gargoyles
  Maggie (D:6)
  10 cane toads
  2 efreet
  7 komodo dragons
  2 kobold demonologists
  3 demonic crawlers (Spider:1)
  3 rime drakes
  3 ice devils (Gauntlet)
  2 tengu conjurers (D:14)
  2 ancient zymes
  26 merfolk
  2 wind drakes (shapeshifter)
  8 tarantellas (Spider:1)
  10 wind drakes
  6 trolls
  3 polar bears
  A hornet (Lair:4)
  7 snapping turtles
  13 dream sheep
  18 blink frogs
  2 meliai zombies (D:11)
  4 jumping spiders (Spider:1)
  Sigmund (D:3)
  A centaur simulacrum (D:15)
  6 culicivoras (Spider:1)
  16 flying skulls (Gauntlet)
  6 wraiths
  3 large abominations
  2 ynoxinuls (Lair:5)
  2 shadows
  A spriggan (Lair:5)
  44 yaks
  A vampire (D:9)
  9 water elementals
  2 wyverns
  6 basilisks
  4 fire bats (Abyss:2)
  A golden eye (shapeshifter) (D:14)
  13 air elementals (Shoals:4)
  5 chaos spawn (Lair:5)
  6 golden eyes (Abyss:2)
  A neqoxec (Abyss:1)
  34 redbacks
  A steam dragon (D:9)
  7 vampire mosquitoes (D:12)
  4 wargs
  9 water moccasins
  2 acid dragons
  Duvessa (D:6)
  2 ice beasts
  34 orc warriors
  A sky beast (D:8)
  14 wolves
  7 ogres
  21 centaurs
  2 phantoms (D:5)
  9 kobold brigands
  2 necrophages
  11 bullfrogs
  A gnoll sergeant (D:11)
  2 scorpions
  2 water moccasin zombies (D:5)
  17 small abominations
  Dowan (D:6)
  15 wights
  An electric eel (Lair:3)
  7 howler monkeys
  A bullfrog zombie (D:5)
  4 hounds
  A quasit (Abyss:2)
  5 starcursed masses (Abyss:1)
  A jelly (D:7)
  29 orc priests
  A bullfrog skeleton (D:5)
  6 iguanas
  A scorpion zombie (D:5)
  15 orc wizards
  2 hound zombies (D:5)
  8 gnolls
  4 adders
  A shadow imp (Abyss:1)
  4 white imps
  An ufetubus (Abyss:2)
  4 worms
  A dart slug (D:1)
  89 orcs
  5 endoplasms
  A giant cockroach (D:3)
  7 goblins
  4 hobgoblins
  3 jackals (D:4)
  19 kobolds
  3 quokkas
  7 ball pythons
  9 bats
  5 frilled lizards
  9 rats
  2 plants (Shoals:1)
1012 creatures vanquished.

Vanquished Creatures (collateral kills)
  A merfolk impaler (Shoals:4)
  2 death yaks (Lair:5)
  3 blink frogs (Lair:5)
  2 merfolk (Shoals:4)
  2 snapping turtles (Shoals:4)
10 creatures vanquished.

Vanquished Creatures (others)
  A redback (Spider:1)
  11 bushes (Abyss:2)
  9 demonic plants (Abyss:2)
  21 fungi
  A lurking horror (Abyss:2)
  55 plants
  4 starspawn tentacles (Abyss:2)
  A withered plant (D:5)
103 creatures vanquished.

Grand Total: 1125 creatures vanquished

Table legend:
 A = Non-vault XP
 B = Vault XP
 C = Vault XP percentage of total XP
 D = Non-vault monster count
 E = Vault monster count
 F = Vault count percentage of total count
                 A         B        C        D         E       F
            +---------+---------+-------+---------+---------+-------
      Total |  200402 |   92810 |  31.7 |     722 |     298 |  29.2
            +---------+---------+-------+---------+---------+-------
        D:1 |      24 |       0 |   0.0 |      16 |       0 |   0.0
        D:2 |      44 |      14 |  24.1 |      18 |       2 |  10.0
        D:3 |      81 |     239 |  74.7 |      22 |       1 |   4.3
        D:4 |     162 |       0 |   0.0 |      13 |       0 |   0.0
        D:5 |     614 |    1033 |  62.7 |      13 |      13 |  50.0
        D:6 |     878 |     618 |  41.3 |      12 |       3 |  20.0
        D:7 |     873 |       0 |   0.0 |      19 |       0 |   0.0
        D:8 |    1120 |       0 |   0.0 |      17 |       0 |   0.0
        D:9 |    1826 |      18 |   1.0 |      27 |       6 |  18.2
       D:10 |    3137 |     778 |  19.9 |      22 |       1 |   4.3
       D:11 |    2782 |    5262 |  65.4 |      17 |      12 |  41.4
       D:12 |    8601 |       0 |   0.0 |      25 |       0 |   0.0
       D:13 |    6875 |    1290 |  15.8 |      19 |       4 |  17.4
       D:14 |   15188 |       9 |   0.1 |      32 |       5 |  13.5
       D:15 |   21039 |    2820 |  11.8 |      49 |       3 |   5.8
     Lair:1 |    3894 |       0 |   0.0 |      18 |       0 |   0.0
     Lair:2 |    3012 |    3459 |  53.5 |      10 |       8 |  44.4
     Lair:3 |    4860 |    1480 |  23.3 |      20 |       7 |  25.9
     Lair:4 |    2615 |    4217 |  61.7 |      13 |      10 |  43.5
     Lair:5 |   27857 |   13700 |  33.0 |      57 |      47 |  45.2
   Shoals:1 |    9301 |       0 |   0.0 |      22 |       0 |   0.0
   Shoals:2 |   15317 |    3103 |  16.8 |      30 |       4 |  11.8
   Shoals:3 |   13159 |    7529 |  36.4 |      26 |       9 |  25.7
   Shoals:4 |   21148 |   23566 |  52.7 |      46 |      51 |  52.6
   Spider:1 |   18665 |    1054 |   5.3 |      61 |       3 |   4.7
      Orc:1 |    1116 |    5066 |  81.9 |      15 |      20 |  57.1
      Orc:2 |    5095 |   10996 |  68.3 |      47 |      65 |  58.0
    Abyss:1 |    2824 |       0 |   0.0 |      12 |       0 |   0.0
    Abyss:2 |    8295 |       0 |   0.0 |      24 |       0 |   0.0
   Gauntlet |       0 |    6559 | 100.0 |       0 |      24 | 100.0
            +---------+---------+-------+---------+---------+-------

Illustrated notes

Table legend:
 A = Kills in this place as a percentage of kills in entire the game.
 B = Kills by you in this place as a percentage of kills by you in the entire game.
 C = Kills by friends in this place as a percentage of kills by friends in the entire game.
 D = Other kills in this place as a percentage of other kills in the entire game.
 E = Experience gained in this place as a percentage of experience gained in the entire game.
 F = Experience gained in this place divided by the number of levels of this place that you have seen.
                   A       B       C       D       E      F
               +-------+-------+-------+-------+-------+----------------------
         Total | 100.0 | 100.0 | 100.0 |   N/A | 100.0 | 9458.5
       Dungeon |  36.4 |  36.7 |   0.0 |   N/A |  25.7 | 5021.7
          Lair |  18.6 |  18.3 |  50.0 |   N/A |  22.2 | 13018.8
        Shoals |  18.4 |  18.1 |  50.0 |   N/A |  31.8 | 23280.8
   Spider Nest |   6.3 |   6.3 |   0.0 |   N/A |   6.7 | 19719.0
  Orcish Mines |  14.4 |  14.6 |   0.0 |   N/A |   7.6 | 11136.5
         Abyss |   3.5 |   3.6 |   0.0 |   N/A |   3.8 | 5559.5
      Gauntlet |   2.4 |   2.4 |   0.0 |   N/A |   2.2 | 6559.0
               +-------+-------+-------+-------+-------+----------------------

Table legend: (Time is in decaauts)
 A = Elapsed time spent in this place.
 B = Non-inter-level travel time spent in this place.
 C = Inter-level travel time spent in this place.
 D = Time resting spent in this place.
 E = Time spent auto-exploring this place.
 F = Levels seen in this place.
 G = Mean time per level.
                   A        B        C        D        E       F      G
               +--------+--------+--------+--------+--------+-----+--------+
         Total |  42811 |  40600 |   2211 |   3694 |  29795 |  31 | 1381.0 |
       Dungeon |  20883 |  19802 |   1081 |   1119 |  15835 |  15 | 1392.2 |
        Temple |     39 |     32 |      7 |      0 |     27 |   1 |   39.0 |
          Lair |  11894 |  11060 |    834 |   1179 |   8229 |   5 | 2378.8 |
        Shoals |   5925 |   5725 |    200 |   1163 |   3207 |   4 | 1481.2 |
   Spider Nest |    541 |    541 |      0 |      0 |    323 |   1 |  541.0 |
  Orcish Mines |   2408 |   2321 |     87 |     22 |   1718 |   2 | 1204.0 |
         Abyss |    546 |    546 |      0 |     18 |    292 |   2 |  273.0 |
      Gauntlet |    571 |    571 |      0 |    191 |    164 |   1 |  571.0 |
               +--------+--------+--------+--------+--------+-----+--------+

Top non-repeatable levels by time:
  Lair:5: 2875 daAuts
    D:10: 2840 daAuts
  Lair:4: 2635 daAuts
  Lair:3: 2370 daAuts
  Lair:2: 2251 daAuts
Shoals:4: 1893 daAuts
     D:5: 1862 daAuts
  Lair:1: 1761 daAuts
    D:11: 1735 daAuts
     D:9: 1595 daAuts
     D:6: 1497 daAuts
Shoals:3: 1493 daAuts
Shoals:2: 1455 daAuts
     D:3: 1397 daAuts
     D:1: 1368 daAuts
